 Dungeon Crawl Stone Soup version 0.30.0-5-g1a98f26d00 (webtiles) character file.

Game seed: 1940029267382360368

640 browni3141 the Chiller (level 7, 0/48 HPs)
             Began as a Formicid Ice Elementalist on May 11, 2023.
             Was an Initiate of Fedhas.
             Slain by Pikel
             ... wielding a +1 whip of electrocution
              (4 damage)
             ... on level 6 of the Dungeon.
             The game lasted 00:25:44 (4026 turns).

browni3141 the Chiller (Formicid Ice Elementalist)  Turns: 4026, Time: 00:25:44

Health: 0/48       AC:  7    Str: 12    XL:     7   Next: 80%
Magic:  4/11       EV: 12    Int: 17    God:    Fedhas [......]
Gold:   93         SH:  0    Dex: 14    Spells: 5/12 levels left

rFire   . . .        Y - +0 sling (drain)
rCold   . . .        (no shield)
rNeg    . . .        a - +0 robe
rPois   .            (helmet unavailable)
rElec   .            (no cloak)
rCorr   .            O - +2 pair of gloves
SInv    +            (no boots)
Will    .....        (no amulet)
Stlth   +++          (no ring)
HPRegen 0.00/turn    (no ring)
MPRegen 0.12/turn

%: no passive effects
@: inhibited regen
A: permanent stasis, dig shafts and tunnels, antennae 3, four strong arms,
iridescent scales 1, inhibited regeneration
a: Dig, Shaft Self, Renounce Religion


You were on level 6 of the Dungeon.
You worshipped Fedhas.
Fedhas was noncommittal.
You visited 1 branch of the dungeon, and saw 6 of its levels.
You also visited: Sewer.

You collected 93 gold pieces.

Inventory:

Hand Weapons
 V - a +0 whip
 Y - a +0 sling of draining (weapon)
Missiles
 J - 6 poisoned darts
 T - 5 boomerangs
 W - 45 stones
Armour
 a - a +0 robe (worn)
 O - a +2 pair of gloves (worn)
Scrolls
 o - a scroll of noise
 C - a scroll of blinking
 I - a scroll of torment
 M - a scroll of brand weapon
 P - 2 scrolls of enchant armour
 Q - a scroll of enchant weapon {unknown}
 R - a scroll of magic mapping {unknown}
 X - a scroll of teleportation {unknown}
 Z - a scroll of silence {unknown}
Potions
 c - a potion of cancellation
 m - a potion of magic
 F - a potion of heal wounds {unknown}
 G - a potion of brilliance
 K - a potion of degeneration {unknown}
 N - a potion of ambrosia {unknown}
 U - a potion of attraction {unknown}


   Skills:
 - Level 1.0 Fighting
 * Level 5.3 Ranged Weapons
 - Level 2.0 Dodging
 - Level 4.0 Stealth
 - Level 3.0 Spellcasting
 * Level 5.9 Ice Magic


You had 5 spell levels left.
You knew the following spells:

 Your Spells              Type           Power      Damage    Failure   Level
o - Ozocubu's Armour      Ice            22%        N/A       4%          3
r - Frozen Ramparts       Ice            44%        1d7       4%          3
z - Freeze                Ice            88%        1d9       1%          1

Your spell library contained the following spells:

 Spells                   Type           Power      Damage    Failure   Level
 Apportation              Tloc           4%         N/A       17%         1
 Necrotise                Necr           8%         1d4       17%         1
 Summon Small Mammal      Summ           8%         N/A       17%         1
 Stone Arrow              Conj/Erth      4%         3d7       45%         3
 Summon Ice Beast         Ice/Summ       12%        N/A       45%         4
 Animate Armour           Summ/Erth      4%         N/A       86%         4
 Lehudib's Crystal Spear  Conj/Erth      1%         10d2      100%        8


Dungeon Overview and Level Annotations

Branches:
Dungeon (7/15)              Sewer (visited)
 Temple: D:4-7

Altars:
Fedhas
Kikubaaqudgha
Yredelemnul
The Shining One

Shops:
D:7 :

Annotations:
D:2 Natasha
D:3 dig vault
D:6 exclusions: 2 gnolls and ice beast, Maggie, Pikel


Innate Abilities, Weirdness & Mutations

You cannot be hasted, slowed, berserked, paralysed or teleported.
You can dig through walls and to a lower floor.
You have a pair of large antennae on your head. (SInv)
Your four strong arms can wield two-handed weapons with a shield.
You are partially covered in iridescent scales. (AC +2)
You do not regenerate when monsters are visible.


Message History

It is a scroll of identify.
o - a scroll of noise;
r - 3 scrolls of identify
As you read the scroll of identify, it crumbles to dust.
C - a scroll of blinking
As you read the scroll of identify, it crumbles to dust.
I - a scroll of torment
As you read the scroll of identify, it crumbles to dust.
P - 2 scrolls of enchant armour
Okay, then.
Unknown command.
Unknown command.
Pikel, Merchant of Souls comes into view.
He is wielding a +1 whip of electrocution.
Pikel shouts!
You hear a shout!
Casting: Frozen Ramparts (dangerous; 4% risk of failure)
Confirm with . or Enter, or press ? or * to list all spells.
Casting: Frozen Ramparts (dangerous; 4% risk of failure)
Press: ? - help, Dir - look around, f - activate The walls around you are covered in ice.
Casting: Frozen Ramparts (dangerous; 4% risk of failure)
Confirm with . or Enter, or press ? or * to list all spells.
A film of ice covers your body!
Unknown command.
Fire: Y) +0 sling (drain)
Press: ? - help, Q - select action, (/) - cycle Shift-Dir - straight line, f - Pikel
Aim: Pikel, wielding a +1 whip of electrocution and wearing a +0 robe (50% to hit)
You shoot a sling bullet. The sling bullet barely misses Pikel.
Fire: Y) +0 sling (drain)
Press: ? - help, Q - select action, (/) - cycle Shift-Dir - straight line, f/p - Pikel
Aim: Pikel, wielding a +1 whip of electrocution and wearing a +0 robe (50% to hit)
You shoot a sling bullet.
The sling bullet hits Pikel but does no damage.
The wall freezes Pikel but does no damage.
Fire: Y) +0 sling (drain)
Press: ? - help, Q - select action, (/) - cycle Shift-Dir - straight line, f/p - Pikel
Aim: Pikel, wielding a +1 whip of electrocution and wearing a +0 robe (50% to hit)
You shoot a sling bullet.
The sling bullet hits Pikel but does no damage.
You drain Pikel.
Pikel is lightly wounded.
The wall freezes Pikel but does no damage.
A lemure comes into view.
Fire: Y) +0 sling (drain)
Press: ? - help, Q - select action, (/) - cycle Shift-Dir - straight line, f/p - Pikel
Aim: Pikel, wielding a +1 whip of electrocution and wearing a +0 robe (lightly wounded, lightly drained, 50% to hit)
You shoot a sling bullet. The sling bullet closely misses Pikel.
The lemure shouts!
The wall freezes Pikel.
Pikel hits you with a +1 whip of electrocution.
Fire: Y) +0 sling (drain)
Press: ? - help, Q - select action, (/) - cycle Shift-Dir - straight line, f/p - Pikel
Aim: Pikel, wielding a +1 whip of electrocution and wearing a +0 robe (lightly wounded, lightly drained, 50% to hit)
You shoot a sling bullet. The sling bullet closely misses Pikel.
The wall freezes Pikel but does no damage.
Pikel closely misses you.
Fire: Y) +0 sling (drain)
Press: ? - help, Q - select action, (/) - cycle Shift-Dir - straight line, f/p - Pikel
Aim: Pikel, wielding a +1 whip of electrocution and wearing a +0 robe (lightly wounded, lightly drained, 50% to hit)
You shoot a sling bullet.
The sling bullet hits Pikel but does no damage.
You drain Pikel.
Pikel is lightly wounded.
The frozen ramparts melt away.
Pikel hits you but does no damage.
You are electrocuted!
Pikel barely misses you.
Casting: Ozocubu's Armour (dangerous; 4% risk of failure)
Confirm with . or Enter, or press ? or * to list all spells.
Casting: Frozen Ramparts (dangerous; 4% risk of failure)
Press: ? - help, Dir - look around, f - activate The walls around you are covered in ice.
The lemure shouts!
The wall freezes Pikel.
Pikel hits you with a +1 whip of electrocution.
You are electrocuted!!
* * * LOW HITPOINT WARNING * * *
The wall freezes the lemure.
It was a potion of brilliance.
You feel clever all of a sudden.
The wall freezes Pikel.
Pikel closely misses you.
The wall freezes the lemure.
It was a potion of cancellation.
Your magical effects are unravelling.
You feel magically purged.
c - a potion of cancellation Your icy armour evaporates.
The frozen ramparts melt away.
You feel a little less clever now. Pikel barely misses you.
The lemure hits you but does no damage.
It was a potion of berserk rage.
Your stasis prevents you from going berserk.
Pikel hits you with a +1 whip of electrocution.
* * * LOW HITPOINT WARNING * * *
It was a potion of mutation.
You feel extremely strange.
Iridescent scales grow over part of your body.
Your regeneration stops near monsters.
Pikel barely misses you.
Are you sure you want to shaft yourself?
Pikel hits you with a +1 whip of electrocution.
* * * LOW HITPOINT WARNING * * *
You begin to dig a shaft.
You continue digging a shaft.
Pikel hits you with a +1 whip of electrocution.
You die...
Fedhas appreciates your contribution to the ecosystem.

....##..........#
..........).....#
...#............#
.....#...######.#
...###.#.# #.# #.#
#....# #.#
..###..### #.##
......## #..#
.(....##########@###
.............55K...#
.####....###..5###.#
###.##.....### ###
##......##### ###
g#..##.#.## ##.#
.......#..# ##..#
..#######.# ##...#
5. #.######....#


You could see Pikel (drained) and 3 lemures.

Vanquished Creatures
  Duvessa (D:6)
  An ice beast (D:6)
  A lemure (D:6)
  A kobold brigand (Sewer)
  A bullfrog (D:7)
  Dowan (D:6)
  An orc priest (D:7)
  3 orc wizards
  6 adders
  3 dart slugs
  8 orcs
  13 ball pythons
  5 endoplasms
  4 giant cockroaches
  6 hobgoblins
  5 jackals
  A quokka (D:1)
  8 bats
  5 frilled lizards
  8 goblins
  12 kobolds
  9 rats
103 creatures vanquished.

Vanquished Creatures (others)
  A kobold (Sewer)
1 creature vanquished.

Grand Total: 104 creatures vanquished

Notes
Turn   | Place    | Note
-------+----------+-------------------------------------------
     0 | D:1      | browni3141 the Formicid Ice Elementalist began the quest
                  | for the Orb.
     0 | D:1      | Reached XP level 1. HP: 13/13 MP: 3/3
   373 | D:1      | Reached XP level 2. HP: 21/21 MP: 3/5
   430 | D:1      | Reached skill level 3 in Stealth
   823 | D:1      | Reached XP level 3. HP: 24/26 MP: 3/6
  1019 | D:1      | Found a faded altar of an unknown god.
  1259 | D:1      | Learned a level 3 spell: Frozen Ramparts
  1263 | D:1      | Learned a level 3 spell: Ozocubu's Armour
  1405 | D:2      | Reached skill level 3 in Spellcasting
  1405 | D:2      | Reached XP level 4. HP: 32/32 MP: 5/8
  1578 | D:2      | Noticed Natasha
  2126 | D:3      | Reached XP level 5. HP: 22/37 MP: 4/9
  2212 | D:3      | Found a glowing drain.
  2302 | Sewer    | Entered a sewer
  2394 | Sewer    | Noticed a kobold brigand
  2529 | Sewer    | Noticed a kobold brigand
  2529 | Sewer    | Noticed a kobold brigand
  2535 | Sewer    | Killed a kobold brigand
  2536 | Sewer    | Reached skill level 3 in Ranged Weapons
  2536 | Sewer    | Reached XP level 6. HP: 36/43 MP: 1/10
  3149 | D:4      | You fall into a shaft and drop 2 floors!
  3149 | D:6      | Found a basalt altar of Yredelemnul.
  3149 | D:6      | Found a blossoming altar of Fedhas.
  3149 | D:6      | Found an ancient bone altar of Kikubaaqudgha.
  3155 | D:6      | Became a worshipper of Fedhas Madash
  3176 | D:7      | Noticed an orc warrior
  3274 | D:7      | Reached XP level 7. HP: 18/48 MP: 3/11
  3429 | D:7      | Found Enumetan's Book Boutique.
  3530 | D:6      | Noticed Maggie
  3549 | D:6      | Noticed Duvessa
  3562 | D:6      | Noticed Dowan
  3577 | D:6      | Killed Duvessa
  3577 | D:6      | Killed Dowan
  3847 | D:6      | Found a glowing golden altar of the Shining One.
  4002 | D:6      | Noticed Pikel
  4024 | D:6      | Gained mutation: You are partially covered in iridescent
                  | scales. (AC +2) [potion of mutation]
  4024 | D:6      | Gained mutation: You do not regenerate when monsters are
                  | visible. [potion of mutation]
  4026 | D:6      | Slain by Pikel

Illustrated notes

Levels and vault maps discovered:
D:1:      dpeg_arrival_signposts, layout_basic, shapermc_ecumenical_altar_venn
D:2:      layout_loops_cross, uniq_natasha
D:3:      layout_loops_ring, gup_sewer_entry_glass, due_unseen_surprise
D:4:      layout_basic, lemuel_crystal_altar, gammafunk_ghost_abyssal_escape
D:6:      layout_rooms, mainiacjoe_overflow_boulevard,
          mainiacjoe_overflow_paths, nicolae_tso_swordbearing_angel,
          nicolae_overflow_hidden_temple, uniq_grinder, uniq_pikel,
          uniq_duvessa, uniq_maggie, uniq_edmund
D:7:      layout_basic, minmay_temple_entry_nine_rooms, serial_shops, shop

Skill      XL: |  1  2  3  4  5  6  7 |
---------------+----------------------+-----
Fighting       | 1 |  1.0
Stealth        | 3 4 |  4.0
Spellcasting   | 3 |  3.0
Dodging        | 2 |  2.0
Ice Magic      | 5 |  5.9
Ranged Weapons | 3 4 5 |  5.3

Action                     |  1- 3 |  4- 6 |  7- 9 || total
---------------------------+-------+-------+-------++-------
  Melee: Unarmed           |     3 |       |       ||     3
         Whip              |     8 |       |       ||     8
   Fire: Sling             |    30 |   132 |    38 ||   200
  Throw: Stone             |     4 |       |       ||     4
   Cast: Freeze            |    41 |    22 |     2 ||    65
         Frozen Ramparts   |       |     5 |     6 ||    11
         Ozocubu's Armour  |       |     2 |     2 ||     4
Ability: Dig               |       |       |     1 ||     1
         Shaft Self        |       |       |     1 ||     1
  Evoke: Wand              |       |     3 |       ||     3
    Use: Scroll            |       |     4 |     5 ||     9
         Potion            |       |       |     4 ||     4
 Armour: Robe              |     6 |    11 |    11 ||    28
  Dodge: Dodged            |    36 |    33 |    14 ||    83
